 Dungeon Crawl Stone Soup version 0.27-a0-1358-ga0a28fc8c3 (webtiles) character file.

Game seed: 7622138216174670767

1563 Delamore the Covert (level 8, 0/55 HPs)
             Began as an Octopode Brigand on June 28, 2021.
             Splashed by a jelly's acid (7 damage)
             ... on level 6 of the Dungeon.
             The game lasted 00:05:07 (6028 turns).

Delamore the Covert (Octopode Brigand)              Turns: 6028, Time: 00:05:08

Health: 0/55       AC: -11   Str: 11    XL:     8   Next: 89%
Magic:  11/11      EV: 12    Int: 19    God:
Gold:   619        SH:  0    Dex: 15    Spells: 9/11 levels left

rFire    . . .     SeeInvis .   r - +3 dagger (vamp)
rCold    . . .     Faith    .   (no shield)
rNeg     + . .     Spirit   .   (helmet restricted)
rPois    .         Reflect  .   (no amulet)
rElec    .         Harm     .   g - ring of positive energy
rCorr    .         Rampage  .   i - +6 ring of intelligence
Will     .....                  k - +4 ring of protection
Stlth    +++++.....             (no ring)
HPRegen  0.18/turn              (no ring)
MPRegen  0.12/turn              (no ring)
                                (no ring)
                                (no ring)

@: corroded
A: almost no armour, amphibious, 8 rings, camouflage 1, gelatinous body 1,
(nimble swimmer 1), tentacles
a: no special abilities


You were on level 6 of the Dungeon.
You visited 1 branch of the dungeon, and saw 6 of its levels.

You collected 619 gold pieces.

Inventory:

Hand Weapons
 a - a +2 dagger
 r - a +3 vampiric dagger (weapon)
Missiles
 b - 30 poisoned darts (quivered)
 o - 3 boomerangs
 s - a curare-tipped dart
Armour
 q - a +0 kite shield
Jewellery
 g - a ring of positive energy (left tentacle)
 i - a +6 ring of intelligence (right tentacle)
 k - a +4 ring of protection (on tentacle)
Wands
 l - a wand of flame (17)
Scrolls
 d - 3 scrolls of magic mapping
 f - a scroll of teleportation
 j - 2 scrolls of identify
 m - a scroll of blinking {unknown}
 p - a scroll of brand weapon {unknown}
Potions
 c - 2 potions of attraction {unknown}
 e - 2 potions of curing
 h - a potion of degeneration
 n - a potion of magic
 t - 2 potions of mutation {unknown}


   Skills:
 - Level 5.0 Fighting
 + Level 5.8 Short Blades
 - Level 2.0 Throwing
 - Level 1.0 Dodging
 - Level 10.0 Stealth
 + Level 2.2 Spellcasting
 - Level 5.0 Evocations


You had 9 spell levels left.
You knew the following spells:

 Your Spells              Type           Power      Damage    Failure   Level
a - Blink                 Tloc           N/A        N/A       26%         2

Your spell library contained the following spells:

 Spells                   Type           Power      Damage    Failure   Level
 Magic Dart               Conj           8%         1d3       17%         1
 Call Imp                 Summ           2%         N/A       26%         2
 Searing Ray              Conj           4%         3d3       26%         2
 Slow                     Hex            2%         N/A       26%         2
 Conjure Flame            Conj/Fire      2%         6-21      45%         3
 Dazzling Flash           Conj/Hex       4%         N/A       45%         3
 Mephitic Cloud           Conj/Pois/Air  2%         N/A       45%         3
 Fulminant Prism          Conj/Hex       1%         3d6       86%         4
 Iskenderun's Mystic Bla  Conj/Tloc      2%         2d3       86%         4


Dungeon Overview and Level Annotations

Branches:
Dungeon (6/15)
 Temple: D:4-7

Altars:
Elyvilon
Ru
Sif Muna


Innate Abilities, Weirdness & Mutations

You cannot wear most types of armour.
You are amphibious.
You can wear up to eight rings at the same time.
Your skin changes colour to match your surroundings (Stealth+).
Your rubbery body absorbs attacks. (AC +1, EV +1)
((You are camouflaged near water. (Stealth+)))
You have tentacles for arms and can constrict up to eight enemies at once.


Message History

You throw a poisoned dart.
The poisoned dart barely misses the jelly.
You throw a poisoned dart. The poisoned dart hits the jelly.
You throw a poisoned dart. The poisoned dart hits the jelly.
The jelly jiggles.
The jelly hits you but does no damage.
You hit the jelly.
Your tentacles burn!
The jelly is moderately wounded.
You barely miss the jelly.
The jelly is moderately wounded.
The jelly misses you.
You hit the jelly.
You feel better. The acid corrodes you!
Your tentacles burn!
The jelly is heavily wounded.
The jelly hits you. The acid corrodes you!
You are splashed with acid!
You hit the jelly. The acid corrodes you!
Your tentacles burn!
The jelly is severely wounded.
You hit the jelly but do no damage. The acid corrodes you!
Your tentacles burn!
The jelly is severely wounded.
The jelly hits you.
You are splashed with acid.
You are too injured to fight recklessly!
You are too injured to fight recklessly!
You are too injured to fight recklessly!
You are too injured to fight recklessly!
You are too injured to fight recklessly!
You are too injured to fight recklessly!
You are too injured to fight recklessly!
You are too injured to fight recklessly!
You are too injured to fight recklessly!
You are too injured to fight recklessly!
You are too injured to fight recklessly!
You hit the jelly but do no damage.
Your tentacles burn!
The jelly is severely wounded.
The jelly hits you.
* * * LOW HITPOINT WARNING * * *
The acid corrodes you!
You are splashed with acid!
* * * LOW HITPOINT WARNING * * *
The jelly hits you.
* * * LOW HITPOINT WARNING * * *
You are splashed with acid!
You die...

.............#..#......###
#.##...$....#........##.#####
# .........##........#.#...##
# ......#.....#.............#
##
...#..##....##.......##..##
.. .###.###....#....#...#...#
.. #..#.........####.....# ..
##......####J..........## ..
#.......##.@............# ..
#.......##....#..(......# ..
#..##...................## ..
.... #......#............#
.... #.......#...........##
... ##..........##.......#
... ......#......#..###..#
....#..#......#### #.##
....#.........# ###


You could see a jelly.

Vanquished Creatures
  A water moccasin (D:5)
  3 ogres
  2 sky beasts
  4 necrophages
  A centaur (D:6)
  A bullfrog (D:6)
  2 scorpions
  A water moccasin zombie (D:5)
  2 hounds (D:5)
  3 jellies
  A centaur skeleton (D:6)
  An iguana (D:6)
  An orc wizard (D:6)
  8 adders
  A white imp (D:5)
  An adder skeleton (D:4)
  2 worms
  2 dart slugs (D:3)
  8 orcs
  6 bats
  3 endoplasms
  4 giant cockroaches
  6 goblins
  7 hobgoblins
  7 jackals
  5 quokkas
  5 ball pythons
  A frilled lizard (D:1)
  4 kobolds
  3 rats
96 creatures vanquished.

Vanquished Creatures (others)
  A quokka (D:3)
1 creature vanquished.

Grand Total: 97 creatures vanquished

Notes
Turn   | Place    | Note
-------+----------+-------------------------------------------
     0 | D:1      | Delamore the Octopode Brigand began the quest for the Orb.
     0 | D:1      | Reached XP level 1. HP: 14/14 MP: 1/1
   129 | D:1      | Reached XP level 2. HP: 6/19 MP: 2/2
   444 | D:1      | Found a faded altar of an unknown god.
   655 | D:1      | Reached skill level 6 in Stealth
   689 | D:1      | Reached XP level 3. HP: 25/25 MP: 3/3
  1148 | D:2      | Found a sacrificial altar of Ru.
  1471 | D:2      | Reached XP level 4. HP: 22/30 MP: 4/4
  1690 | D:3      | Learned a level 2 spell: Blink
  1788 | D:3      | Found a white marble altar of Elyvilon.
  2095 | D:3      | Reached skill level 7 in Stealth
  2172 | D:3      | Noticed a sky beast
  2175 | D:3      | Killed a sky beast
  2176 | D:3      | Reached XP level 5. HP: 36/36 MP: 5/5
  2393 | D:4      | Noticed an ogre
  2399 | D:4      | Killed an ogre
  2400 | D:4      | Reached skill level 8 in Stealth
  2400 | D:4      | Reached skill level 1 in Evocations
  2400 | D:4      | Reached XP level 6. HP: 42/42 MP: 6/6
  2434 | D:4      | Noticed a necrophage
  2443 | D:4      | Noticed a necrophage
  2453 | D:4      | Killed a necrophage
  2458 | D:4      | Killed a necrophage
  2459 | D:4      | Reached XP level 7. HP: 32/47 MP: 7/7
  2991 | D:4      | Reached skill level 9 in Stealth
  3539 | D:4      | Found a shimmering blue altar of Sif Muna.
  3905 | D:5      | Entered Level 5 of the Dungeon
  4421 | D:5      | Reached XP level 8. HP: 54/54 MP: 8/8
  4424 | D:5      | Identified a scroll of acquirement
  4424 | D:5      | Acquired 269 gold pieces
  4656 | D:5      | Reached skill level 10 in Stealth
  5073 | D:6      | Reached skill level 5 in Fighting
  5073 | D:6      | Reached skill level 5 in Short Blades
  5183 | D:6      | HP: 2/55 [hound (3)]
  5206 | D:5      | Reached skill level 1 in Spellcasting
  6005 | D:6      | Reached skill level 5 in Evocations
  6028 | D:6      | Splashed by a jelly's acid

Illustrated notes

Levels and vault maps discovered:
D:1:      erik_arrival_triangle_large, layout_loops_ring,
          chequers_ecumenical_altar_lobes
D:2:      layout_rooms, basic_altar, minmay_misc_feat_encased
D:3:      layout_loops_ring, elyvilon_altar_4, minmay_pentomino_pile
D:4:      layout_basic, lemuel_coloured_pillars_altar, st_stairs_12
D:5:      layout_basic, kennysheep_cross_bottleneck
D:6:      layout_cave_pools

Skill      XL: |  1  2  3  4  5  6  7  8 |
---------------+-------------------------+-----
Stealth        | 6 7 8 9 10 | 10.0
Fighting       | 3 4 5 |  5.0
Short Blades   | 3 4 5 |  5.8
Evocations     | 1 2 3 5 |  5.0
Spellcasting   | 2 |  2.2
Throwing       | |  2.0
Dodging        | |  1.0

Action                   |  1- 3 |  4- 6 |  7- 9 || total
-------------------------+-------+-------+-------++-------
Melee: Dagger            |    64 |    55 |   154 ||   273
       Constrict         |    13 |    14 |    20 ||    47
       Tentacles         |     8 |    13 |    30 ||    51
Throw: Dart              |       |       |     7 ||     7
  Use: Scroll            |       |       |    12 ||    12
       Potion            |       |       |     1 ||     1
 Stab: Sleeping          |    16 |    13 |     7 ||    36
Armor: Skin              |     4 |     9 |    47 ||    60
Dodge: Dodged            |    27 |    13 |   106 ||   146

Table legend: (Time is in decaauts)
 A = Elapsed time spent in this place.
 B = Non-inter-level travel time spent in this place.
 C = Inter-level travel time spent in this place.
 D = Time resting spent in this place.
 E = Time spent auto-exploring this place.
 F = Levels seen in this place.
 G = Mean time per level.
                   A        B        C        D        E       F      G
               +--------+--------+--------+--------+--------+-----+--------+
         Total |   5975 |   5753 |    222 |    753 |   4256 |   6 |  995.8 |
       Dungeon |   5975 |   5753 |    222 |    753 |   4256 |   6 |  995.8 |
               +--------+--------+--------+--------+--------+-----+--------+

Top non-repeatable levels by time:
     D:4: 1501 daAuts
     D:5: 1353 daAuts
     D:1: 970 daAuts
     D:3: 753 daAuts
     D:6: 742 daAuts
     D:2: 653 daAuts
